 Dungeon Crawl Stone Soup version 0.29-a0-837-g174bc33265 (webtiles) character file.

Game seed: 7612608255548726206

1320 27snakeeyes612 the Cudgeller (level 8, 0/79 HPs)
             Began as a Troll Berserker on July 13, 2022.
             Was a Priest of Trog.
             Shot with an arrow by a centaur (15 damage)
             ... on level 5 of the Dungeon.
             The game lasted 00:04:40 (3470 turns).

27snakeeyes612 the Cudgeller (Troll Berserker)      Turns: 3470, Time: 00:04:40

Health: 0/79       AC:  5    Str: 28    XL:     8   Next: 33%
Magic:  7/7        EV: 10    Int:  3    God:    Trog [***...]
Gold:   208        SH:  0    Dex:  9    Spells: 7/7 levels left

rFire   . . .      SeeInvis .     - Unarmed
rCold   . . .      Faith    .   (no shield)
rNeg    . . .      Spirit   .   b - +1 animal skin
rPois   .          Reflect  .   (helmet restricted)
rElec   .          Harm     .   (no cloak)
rCorr   .          Rampage  .   (gloves unavailable)
Will    ++...                   (boots unavailable)
Stlth   +.........              r - amulet of regeneration
HPRegen 2.83/turn               (no ring)
MPRegen 0.10/turn               (no ring)

@: lethally poisoned (0 -> -1), strong-willed, regenerating
A: large, unfitting armour, claws 3, regeneration 1, shaggy fur 1, tough skin 1
a: Renounce Religion, Berserk, Trog's Hand


You were on level 5 of the Dungeon.
You worshipped Trog.
Trog was most pleased with you.
You visited 1 branch of the dungeon, and saw 5 of its levels.
You also visited: Ossuary.

You collected 208 gold pieces.

Inventory:

Hand Weapons
 e - the +5 dire flail of Ragnarok {flame, Drain rPois rN+ rCorr}
   (You acquired it on level 5 of the Dungeon)

   It burns those it strikes, dealing additional fire damage.
   rPois:     It protects you from poison.
   rN:        It protects you from negative energy.
   rCorr:     It protects you from acid and corrosion.
   Drain:     It drains your maximum health when unequipped.
 i - a +2 flail of venom
 p - a +0 giant spiked club of protection
Armour
 b - a +1 animal skin (worn)
Jewellery
 r - an amulet of regeneration (around neck)
Wands
 g - a wand of iceblast (13)
Scrolls
 a - 2 scrolls of fog
 f - 4 scrolls of magic mapping
 h - 4 scrolls of identify
 m - a scroll of vulnerability
 n - 3 scrolls of enchant weapon {unknown}
 o - a scroll of teleportation
 s - 2 scrolls of amnesia {unknown}
 w - a scroll of enchant armour
 x - a scroll of noise {unknown}
Potions
 c - 2 potions of curing
 d - a potion of might
 j - a potion of invisibility {unknown}
 k - a potion of attraction {unknown}
 l - a potion of berserk rage {unknown}
 q - a potion of degeneration {unknown}
 t - 2 potions of haste {unknown}
 u - a potion of lignification {unknown}
 v - a potion of magic {unknown}


   Skills:
 + Level 4.4 Fighting
 + Level 4.9 Maces & Flails
 + Level 3.9 Throwing
 + Level 4.4 Dodging
 + Level 4.2 Unarmed Combat


You had 7 spell levels left.
You didn't know any spells.
Your spell library was empty.

Dungeon Overview and Level Annotations

Branches:
Dungeon (5/15)            Ossuary (visited)
 Temple: D:4-7

Altars:


Innate Abilities, Weirdness & Mutations

You are too large for most types of armour.
You have claws for hands.
Your natural rate of healing is unusually fast.
You are covered in fur. (AC +1)
You have tough skin. (AC +1)


Message History

You feel very sick.
The centaur shoots an arrow.
The arrow hits you. The water moccasin bites you.
You barely miss the water moccasin.
The water moccasin is heavily wounded.
You feel very sick.
The water moccasin bites you but does no damage.
The centaur shoots an arrow.
The arrow hits you! The iguana bites you!
* * * LOW HITPOINT WARNING * * *
The water moccasin bites you.
* * * LOW HITPOINT WARNING * * *
You are more poisoned.
The water moccasin poisons you!
You are too injured to fight recklessly!
You are too injured to fight recklessly!
You are too injured to fight recklessly!
You are too injured to fight recklessly!
You are too injured to fight recklessly!
You are too injured to fight recklessly!
You are too injured to fight recklessly!
You are too injured to fight recklessly!
You are too injured to fight recklessly!
You are too injured to fight recklessly!
You are too injured to fight recklessly!
You are too injured to fight recklessly!
You are too injured to fight recklessly!
You are too injured to fight recklessly!
Your skin crawls.
You feel strong-willed.
You feel very sick.
The centaur shoots an arrow.
The arrow hits you!
* * * LOW HITPOINT WARNING * * *
The iguana barely misses you.
The water moccasin bites you but does no damage.
You feel better. The water moccasin bites you.
* * * LOW HITPOINT WARNING * * *
You are poisoned.
The water moccasin poisons you! The iguana bites you.
* * * LOW HITPOINT WARNING * * *
The centaur shoots an arrow.
The arrow hits you!
You die...

.......##.. .......#.##
.............
..........[!## .....
.......# ...... .W..>.###
##.... #Sl......
......##@.....#..
......$#.....c..#
#...........
#.##........# ##.....#
#...........#.
##....<.########.........
......... ..# ##..†..)#.
#.:....# #.# #.......##
#......####.###..........


You could see a water moccasin, a phantom, a centaur and an iguana.

Vanquished Creatures
  A centaur (D:5)
  2 ogres (D:4)
  A phantom (D:4)
  8 scorpions
  A centaur zombie (Ossuary)
  3 human zombies (Ossuary)
  2 iguanas (D:4)
  Terence (D:2)
  An orc wizard (D:3)
  3 scorpion zombies (Ossuary)
  4 mummies
  5 adders
  An ufetubus (D:4)
  2 worms (D:2)
  5 dart slugs
  8 orcs (D:3)
  7 bats
  4 endoplasms
  4 giant cockroaches
  11 goblins
  5 hobgoblins
  7 jackals
  8 kobolds
  2 quokkas
  6 ball pythons
  6 frilled lizards
  2 goblin zombies (Ossuary)
  2 hobgoblin zombies (Ossuary)
  3 kobold zombies (Ossuary)
  An orc zombie (Ossuary)
  3 rats
119 creatures vanquished.

Vanquished Creatures (collateral kills)
  An iguana (D:4)
  A ball python (D:4)
2 creatures vanquished.

Vanquished Creatures (others)
  A quokka (D:3)
1 creature vanquished.

Grand Total: 122 creatures vanquished

Notes
Turn   | Place    | Note
-------+----------+-------------------------------------------
     0 | D:1      | 27snakeeyes612 the Troll Berserker began the quest for the
                  | Orb.
     0 | D:1      | Reached XP level 1. HP: 22/22 MP: 0/0
   182 | D:1      | Reached XP level 2. HP: 29/29 MP: 1/1
   668 | D:1      | Reached skill level 1 in Unarmed Combat
   668 | D:1      | Reached XP level 3. HP: 36/36 MP: 2/2
   671 | D:1      | Reached ** piety under Trog
   683 | D:1      | Reached skill level 1 in Throwing
   752 | D:1      | Found a faded altar of an unknown god.
  1163 | D:2      | Noticed Terence
  1176 | D:2      | Killed Terence
  1177 | D:2      | Reached XP level 4. HP: 24/44 MP: 3/3
  1776 | D:3      | Reached *** piety under Trog
  1794 | D:3      | Reached XP level 5. HP: 53/53 MP: 4/4
  2197 | D:4      | Noticed an ogre
  2201 | D:4      | Killed an ogre
  2277 | D:4      | Reached XP level 6. HP: 60/61 MP: 5/5
  2603 | D:4      | Found a sand-covered staircase.
  2612 | Ossuary  | Entered an ossuary
  2644 | Ossuary  | Reached XP level 7. HP: 67/67 MP: 6/6
  2739 | Ossuary  | Reached **** piety under Trog
  2949 | Ossuary  | Reached XP level 8. HP: 39/78 MP: 7/7
  3198 | D:4      | Identified the +5 long sword "Riezo" {drain, Int+2}
  3384 | D:5      | Entered Level 5 of the Dungeon
  3400 | D:5      | Identified a scroll of acquirement
  3400 | D:5      | Acquired the +5 dire flail of Ragnarok {flame, Drain rPois
                  | rN+ rCorr}
  3470 | D:5      | Shot with an arrow by a centaur

Illustrated notes

Levels and vault maps discovered:
D:1:      eino_arrival_tree_alley, layout_loops_corners,
          shapermc_ecumenical_altar_acropolis, solitary_fountain
D:2:      layout_loops_ring, uniq_terence
D:3:      layout_loops_cross, lemuel_old_faithful
D:4:      layout_basic, gup_ossuary_entry_pyramid, hangedman_minor_gate_pass
D:5:      layout_rooms, vehumet_altar_wand_db, minmay_temple_entry_wispy,
          uniq_ijyb

Skill      XL: |  1  2  3  4  5  6  7  8 |
---------------+-------------------------+-----
Unarmed Combat | 1 2 3 4 |  4.2
Maces & Flails | 3 4 |  4.9
Throwing       | 1 2 3 |  3.9
Dodging        | 3 4 |  4.4
Fighting       | 3 4 |  4.4

Action                   |  1- 3 |  4- 6 |  7- 9 || total
-------------------------+-------+-------+-------++-------
Melee: Unarmed           |    98 |   170 |   114 ||   382
       Mace              |     8 |       |       ||     8
       Punch             |       |     2 |     1 ||     3
       Giant spiked club |       |       |    13 ||    13
Invok: Berserk           |       |     1 |     1 ||     2
       Trog's Hand       |       |       |     2 ||     2
  Use: Scroll            |       |    10 |     2 ||    12
       Potion            |       |       |     1 ||     1
Armor: Animal skin       |    39 |    45 |    63 ||   147
Dodge: Dodged            |    45 |    89 |    83 ||   217

Table legend: (Time is in decaauts)
 A = Elapsed time spent in this place.
 B = Non-inter-level travel time spent in this place.
 C = Inter-level travel time spent in this place.
 D = Time resting spent in this place.
 E = Time spent auto-exploring this place.
 F = Levels seen in this place.
 G = Mean time per level.
                   A        B        C        D        E       F      G
               +--------+--------+--------+--------+--------+-----+--------+
         Total |   3482 |   3384 |     98 |     40 |   2522 |   6 |  580.3 |
       Dungeon |   2999 |   2901 |     98 |     40 |   2249 |   5 |  599.8 |
       Ossuary |    483 |    483 |      0 |      0 |    273 |   1 |  483.0 |
               +--------+--------+--------+--------+--------+-----+--------+

Top non-repeatable levels by time:
     D:1: 932 daAuts
     D:4: 714 daAuts
     D:2: 657 daAuts
     D:3: 603 daAuts
 Ossuary: 483 daAuts
     D:5: 90 daAuts
